 Dungeon Crawl Stone Soup version 0.17-a0-1946-gfb768fe (webtiles) character file.

369 HungrySpirit the Changer (level 6, -11/48 HPs)
             Began as a Draconian Transmuter on Oct 1, 2015.
             Mangled by ololoev's ghost (20 damage)
             ... on level 3 of the Dungeon.
             The game lasted 00:09:19 (3584 turns).

HungrySpirit the Changer (Draconian Transmuter)     Turns: 3584, Time: 00:09:19

Health: -11/48     AC:  6    Str: 12    XL:     6   Next: 41%
Magic:  4/11       EV: 12    Int: 15    God:
Gold:   192        SH:  0    Dex: 12    Spells: 3 memorised, 5 levels left

rFire  . . .     SeeInvis +       - Unarmed
rCold  . . .     Clarity  .     (armour unavailable)
rNeg   . . .     SustAt   .     (no shield)
rPois  +         Gourm    .     (helmet restricted)
rElec  .         Spirit   .     (no cloak)
rCorr  .         Warding  .     (no gloves)
rMut   .         Stasis   .     (no boots)
MR     .....                    (no amulet)
Stlth  +.........               u - ring of see invisible
                                l - ring of poison resistance

@: appendage, glowing, not resistant to hostile enchantments, very unstealthy
A: unfitting armour, horns 2, cold-blooded, AC +6
a: End Transformation


You were on level 3 of the Dungeon.
You were not hungry.
You had grown temporary horns.
You visited 1 branch of the dungeon, and saw 3 of its levels.

You collected 192 gold pieces.

Inventory:

Missiles
 a - 67 arrows
Jewellery
 l - a ring of poison resistance (left hand)
 m - an uncursed ring of ice
 r - an uncursed amulet of guardian spirit
 u - a ring of see invisible (right hand)
Scrolls
 d - a scroll of recharging {unknown}
 e - 6 scrolls of identify {unknown}
 h - a scroll of immolation {unknown}
 i - a scroll of fear {unknown}
 n - a scroll of enchant armour {unknown}
 q - 3 scrolls of remove curse {unknown}
 s - a scroll of enchant weapon {unknown}
 t - a scroll of magic mapping {unknown}
 v - a scroll of teleportation {unknown}
Potions
 f - 2 potions of cancellation {unknown}
 j - a potion of might {unknown}
 o - a potion of lignification {unknown}
 A - a potion of curing {unknown}
 B - a potion of mutation {unknown}
Books
 b - a book of Changes

   Spells                             Type                      Level
   a - Beastly Appendage              Transmutation                1
   b - Sticks to Snakes               Transmutation                2
   c - Spider Form                    Transmutation/Poison         3
   d - Ice Form                       Ice/Transmutation            4
   e - Blade Hands                    Transmutation                5
Comestibles
 c - 2 bread rations
 g - a slice of pizza
 k - a royal jelly
 p - a meat ration
 w - 2 chunks of flesh
 x - a beef jerky
 z - a fruit


   Skills:
 - Level 1.7 Fighting
 - Level 1.7 Dodging
 + Level 4.2 Unarmed Combat
 + Level 3.5 Spellcasting
 * Level 5.0 Transmutations
 + Level 0.2 Ice Magic


You had 5 spell levels left.
You knew the following spells:

 Your Spells              Type           Power        Failure   Level  Hunger
a - Beastly Appendage     Trmt           ###...       2%          1    None
b - Sticks to Snakes      Trmt           ###.......   4%          2    ##.....
c - Ice Form              Ice/Trmt       ##......     78%         4    ####...


Dungeon Overview and Level Annotations

Branches:
Dungeon (3/15)

Altars:

Annotations:
D:3 ololoev's ghost, average HaEn


Innate Abilities, Weirdness & Mutations

Your plain brown scales are hard (AC +6).
Your body does not fit into most forms of armour.
You are cold-blooded and may be slowed by cold attacks.
You have a pair of horns on your head.


Message History

Unknown command.
You hit ololoev's ghost.
Ololoev's ghost is moderately damaged.
Your ball python misses ololoev's ghost.
Ololoev's ghost hits you but does no damage.
You are electrocuted!
* * * LOW HITPOINT WARNING * * *
Your ball python bites ololoev's ghost but does no damage.
Your ball python completely misses ololoev's ghost.
Your ball python bites ololoev's ghost but does no damage.
Your ball python barely misses ololoev's ghost.
Ololoev's ghost gestures at you while chanting.
You fall asleep.
Your ball python closely misses ololoev's ghost.
Your ball python barely misses ololoev's ghost.
Your ball python misses ololoev's ghost.
Ololoev's ghost hits you.
You wake up.
* * * LOW HITPOINT WARNING * * *
You are electrocuted!
You die...

#'####.(......#
#..# .
#........# #..#
#....÷...# #..#
#........# #..#
...'.##.#####
#... ...## #))#
##.. ..⌠. ##)#
##. ... #%# ##
'# #@# # #W# #
######S### #
#.....SS.# #
#........#
#........#
#........#
#........# #.
#........###.#


You could see ololoev's ghost and 3 friendly ball pythons.

Vanquished Creatures
  A centaur (D:3)
  An orc wizard (D:3)
  Robin (D:3)
  2 gnolls
  2 adders
  4 oozes
  A worm (D:3)
  8 orcs (D:3)
  5 bats
  3 giant cockroaches
  17 goblins
  8 hobgoblins
  4 quokkas
  4 giant geckos
  3 giant newts
  2 jackals (D:1)
  4 kobolds
  7 rats
77 creatures vanquished.

Vanquished Creatures (collateral kills)
  Sigmund (D:3)
  5 gnolls (D:3)
  A ball python (D:3)
  A kobold (D:3)
8 creatures vanquished.

Grand Total: 85 creatures vanquished

Notes
Turn   | Place    | Note
--------------------------------------------------------------
     0 | D:1      | HungrySpirit the Draconian Transmuter began the quest for the Orb.
     0 | D:1      | Reached XP level 1. HP: 16/16 MP: 3/3
   236 | D:1      | Reached XP level 2. HP: 11/23 MP: 5/5
   851 | D:1      | Reached XP level 3. HP: 24/29 MP: 6/6
  1536 | D:2      | Learned a level 2 spell: Sticks to Snakes
  2119 | D:2      | Reached XP level 4. HP: 32/36 MP: 1/7
  2204 | D:3      | Noticed Sigmund
  2220 | D:3      | Killed Sigmund
  2220 | D:3      | Reached skill level 4 in Transmutations
  2220 | D:3      | Reached XP level 5. HP: 35/41 MP: 1/9
  2886 | D:3      | Noticed a centaur
  2906 | D:3      | Killed a centaur
  2906 | D:3      | Reached XP level 6. HP: 22/48 MP: 9/11
  3197 | D:3      | Noticed Robin
  3214 | D:3      | Killed Robin
  3294 | D:3      | Learned a level 4 spell: Ice Form
  3420 | D:3      | Found a faded altar to an unknown god.
  3460 | D:3      | Reached skill level 5 in Transmutations
  3559 | D:3      | Noticed ololoev's ghost (average HaEn)
  3584 | D:3      | Mangled by ololoev's ghost

Vault maps used:
D:1:      minmay_arrival_plants_in_alcoves, minmay_misc_feat_rows,
          roderic_lattice_a, minmay_misc_feat_ornament, minivault_23
D:2:      minmay_door_path
D:3:      ecumenical_altar_1, minmay_fountain_box, minmay_joined_circles,
          uniq_sigmund, uniq_robin

Action                   |  1- 3 |  4- 6 || total
-------------------------+-------+-------++-------
Melee: Unarmed           |   172 |   141 ||   313
 Cast: Beastly Appendage |     8 |     5 ||    13
       Sticks to Snakes  |     2 |    12 ||    14
 Stab: Sleeping          |       |     1 ||     1
  Eat: Chunk             |     3 |     5 ||     8
       Beef jerky        |       |     1 ||     1
